 Dungeon Crawl Stone Soup version 0.30-a0-40-gc6d0f036a7 (webtiles) character file.

Game seed: 13842075792067557985

2 flotson the Sneak (level 1, 0/18 HPs)
             Began as a Demonspawn Delver on Aug 29, 2022.
             Was an Initiate of Yredelemnul.
             Slain by an adder (2 damage)
             ... on level 2 of the Dungeon.
             The game lasted 00:01:26 (468 turns).

flotson the Sneak (Demonspawn Delver)                Turns: 468, Time: 00:01:27

Health: 0/18       AC:  5    Str: 12    XL:     1   Next: 25%
Magic:  1/1        EV: 10    Int: 11    God:    Yredelemnul [......]
Gold:   16         SH:  0    Dex: 14    Spells: 0/0 levels left

rFire   . . .      SeeInvis .    b - +0 spear
rCold   . . .      Faith    .    (no shield)
rNeg    . . .      Spirit   .    h - +0 ring mail
rPois   .          Reflect  .    (no helmet)
rElec   .          Harm     .    (no cloak)
rCorr   .          Rampage  .    (no gloves)
Will    .....                    (no boots)
Stlth   ++........               (no amulet)
HPRegen 0.06/turn                (no ring)
MPRegen 0.07/turn                (no ring)

@: no status effects
A: no striking features
a: Renounce Religion, Recall Undead Harvest


You were on level 2 of the Dungeon.
You worshipped Yredelemnul.
Yredelemnul was noncommittal.
You visited 1 branch of the dungeon, and saw 4 of its levels.

You collected 16 gold pieces.

Inventory:

Hand Weapons
 a - a +0 hand axe
 b - a +0 spear (weapon)
Armour
 h - a +0 ring mail (worn)
Wands
 g - a wand of digging (3)
Scrolls
 c - a scroll of fog
 e - a scroll of identify {unknown}
Potions
 f - a potion of haste


   Skills:
 + Level 3.0 Fighting
 + Level 1.8 Axes
 + Level 0.0 Armour
 + Level 1.8 Dodging
 - Level 4.5 Stealth
 + Level 0.1 Invocations
 + Level 0.1 Evocations


You couldn't memorise any spells.
You didn't know any spells.
Your spell library was empty.

Dungeon Overview and Level Annotations

Branches:
Dungeon (5/15)             Temple (0/1) D:5

Altars:
Yredelemnul

Annotations:
D:5 Edmund


Message History

You feel sick. The adder bites you but does no damage.
You barely miss the adder.
The adder is severely wounded.
You feel sick. The adder bites you.
You closely miss the adder.
The adder is severely wounded.
You feel sick.
You are no longer poisoned.
The adder bites you.
You are poisoned.
The adder poisons you! The adder barely misses you.
You hit the adder.
The adder is almost dead.
* * * LOW HITPOINT WARNING * * *
You feel sick. The adder closely misses you.
Unknown command.
You hit the adder.
The adder is almost dead.
You feel sick. The adder bites you but does no damage.
Unknown command.
You hit the adder but do no damage.
The adder is almost dead.
You feel sick. The adder barely misses you.
The adder bites you but does no damage.
Unknown command.
You closely miss the adder.
The adder is almost dead.
You feel sick. The adder barely misses you.
Unknown command.
You hit the adder but do no damage.
The adder is almost dead.
You feel sick.
You are no longer poisoned.
The adder bites you but does no damage.
Unknown command.
You miss the adder.
The adder is almost dead.
The adder bites you.
You die...
Your body rises from the dead as a mindless zombie.

#.# #.# #.#
#.#
####.#####
#..)..$..#
#........#
#........#
#>...@...#
#....S...#
#........#
#........#
#>.......#
####.####..
#..# ..
##.# ## ..


You could see an adder.

Vanquished Creatures
  A kobold (D:2)
  A ball python (D:3)
2 creatures vanquished.

Notes
Turn   | Place    | Note
-------+----------+-------------------------------------------
     0 | D:5      | flotson the Demonspawn Delver began the quest for the Orb.
     0 | D:5      | Reached XP level 1. HP: 18/18 MP: 1/1
    61 | D:5      | Noticed Edmund
   292 | D:3      | Found a faded altar of an unknown god.
   360 | D:3      | Prayed at the altar of an unknown god.
   360 | D:3      | Became a worshipper of Yredelemnul the Dark
   360 | D:3      | Reached * piety under Yredelemnul
   468 | D:2      | Slain by an adder

Illustrated notes

Levels and vault maps discovered:
D:2:      layout_rooms, basic_altar
D:3:      layout_basic, serial_shops, nicolae_lakefront_shop,
          ebering_ecumenical_altar_abandoned, minmay_misc_feat_diagonals
D:4:      layout_gridville, nicolae_yredelemnul_corpse_copse
D:5:      wander_guarded_unrand_ratskin, layout_layer_cave,
          nicolae_ru_great_annihilating_truth, minmay_temple_entry_butterflies,
          serial_shops, kennysheep_little_box, kennysheep_generic_room_4,
          uniq_edmund

Action                   || total
-------------------------++-------
Melee: Spear             ||    28
  Use: Scroll            ||     2
Armor: Ring mail         ||     7
       Chain mail        ||     5
Dodge: Dodged            ||    10

Table legend: (Time is in decaauts)
 A = Elapsed time spent in this place.
 B = Non-inter-level travel time spent in this place.
 C = Inter-level travel time spent in this place.
 D = Time resting spent in this place.
 E = Time spent auto-exploring this place.
 F = Levels seen in this place.
 G = Mean time per level.
                   A        B        C        D        E       F      G
               +--------+--------+--------+--------+--------+-----+--------+
         Total |    468 |    440 |     28 |      0 |    272 |   4 |  117.0 |
       Dungeon |    468 |    440 |     28 |      0 |    272 |   4 |  117.0 |
               +--------+--------+--------+--------+--------+-----+--------+

Top non-repeatable levels by time:
     D:3: 341 daAuts
     D:5: 74 daAuts
     D:2: 46 daAuts
     D:4: 5 daAuts
